 Dungeon Crawl Stone Soup version 0.29-a0-474-gdfe5cd140f (webtiles) character file.

Game seed: 12885517668711714688

23942 dracfodder the Thaumaturge (level 13, 0/68 HPs)
             Began as a Gargoyle Earth Elementalist on May 16, 2022.
             Was an Elder of Sif Muna.
             Killed from afar by an oklob plant (33 damage)
             ... with a splash of acid
             ... on level 3 of the Lair of Beasts on May 24, 2022.
             The game lasted 01:54:08 (16361 turns).

dracfodder the Thaumaturge (GrEE)                  Turns: 16361, Time: 01:54:09

Health: 0/68       AC:  1    Str: 12    XL:     13   Next: 9%
Magic:  23/33      EV: 13    Int: 24    God:    Sif Muna [****..]
Gold:   682        SH:  0    Dex: 15    Spells: 18/38 levels left

rFire   . . .      SeeInvis .   r - +12 mace "Amu Lau" {freeze, rElec Int-3 Dex+2}
rCold   . . .      Faith    .   (no shield)
rNeg    + . .      Spirit   .   b - +2 robe {Will+}
rPois   ∞          Reflect  .   (no helmet)
rElec   +          Harm     .   q - +2 cloak
rCorr   .          Rampage  .   B - +1 pair of gloves
Will    ++...                   A - +2 pair of boots of Tufekhlem {rElec Dex+3}
Stlth   +++.......              o - amulet of regeneration
HPRegen 1.01/turn               m - ring of wizardry
MPRegen 0.23/turn               n - +6 ring of intelligence

@: corroded, flying
A: sickness immunity, AC +9, negative energy resistance 1, electricity
resistance, torment resistance 1, petrification resistance, big wings, high MP
1, strong-willed 1
a: Renounce Religion, Channel Magic, Forget Spell, Divine Exegesis


You were on level 3 of the Lair of Beasts.
You worshipped Sif Muna.
Sif Muna was greatly pleased with you.
You visited 4 branches of the dungeon, and saw 18 of its levels.

You collected 885 gold pieces.
You spent 203 gold pieces at shops.

Inventory:

Hand Weapons
 e - a +2 quarterstaff of flaming
 r - the +12 mace "Amu Lau" (weapon) {freeze, rElec Int-3 Dex+2}
   (You found it on level 4 of the Dungeon)

   It freezes those it strikes, dealing additional cold damage.
   It can also slow down cold-blooded creatures.
   Int:       It affects your intelligence (-3).
   Dex:       It affects your dexterity (+2).
   rElec:     It insulates you from electricity.
 G - a +4 trident of holy wrath
Missiles
 a - 255 stones
 l - 11 boomerangs
 y - 2 throwing nets
Armour
 b - a +2 robe of willpower (worn)
 q - a +2 cloak (worn)
 A - the +2 pair of boots of Tufekhlem (worn) {rElec Dex+3}
   (You found it on level 8 of the Dungeon)

   Dex:       It affects your dexterity (+3).
   rElec:     It insulates you from electricity.
 B - a +1 pair of gloves (worn)
Jewellery
 m - a ring of wizardry (left hand)
 n - a +6 ring of intelligence (right hand)
 o - an amulet of regeneration (around neck)
 D - an amulet of the acrobat
 E - a ring of see invisible
 I - a ring of fire
 J - a ring of wizardry
 M - a +4 ring of protection
Wands
 p - a wand of flame (32)
 x - a wand of iceblast (2)
 L - a wand of polymorph (12)
 P - a wand of mindburst (7)
Scrolls
 i - 5 scrolls of fog
 j - 7 scrolls of identify
 k - 4 scrolls of magic mapping
 s - 6 scrolls of fear
 t - a scroll of brand weapon
 u - 5 scrolls of amnesia
 v - 6 scrolls of teleportation
 C - 4 scrolls of poison
 F - a scroll of blinking {unknown}
 H - a scroll of immolation {unknown}
 O - a scroll of summoning {unknown}
Potions
 c - 2 potions of magic
 d - 2 potions of haste
 f - 2 potions of heal wounds
 g - 2 potions of brilliance
 h - 7 potions of curing
 w - 2 potions of ambrosia
 z - a potion of resistance
 K - a potion of invisibility
 N - a potion of mutation


   Skills:
 + Level 3.3 Fighting
 + Level 4.8 Maces & Flails
 + Level 0.7(3.0) Staves
 + Level 0.1 Throwing
 + Level 3.8 Dodging
 + Level 6.8 Stealth
 * Level 13.0 Spellcasting
 * Level 10.1 Conjurations
 + Level 0.9 Translocations
 + Level 1.6 Transmutations
 + Level 10.3 Earth Magic
 * Level 6.5 Invocations
 + Level 1.4 Evocations


You had 18 spell levels left.
You knew the following spells:

 Your Spells              Type           Power      Damage    Failure   Level
a - Sandblast             Erth           100%       2d20      1%          1
b - Passwall              Tmut/Erth      36%        N/A       1%          2
c - Stone Arrow           Conj/Erth      100%       3d13      1%          3
d - Petrify               Tmut/Erth      44%        N/A       1%          4
e - Iskenderun's Mystic   Conj/Tloc      42%        2d10      1%          4
f - Starburst             Conj/Fire      19%        6d7       28%         6

Your spell library contained the following spells:

 Spells                   Type           Power      Damage    Failure   Level
 Freeze                   Ice            60%        1d8       1%          1
 Dazzling Flash           Conj/Hex       78%        N/A       1%          3
 Hailstorm                Conj/Ice       39%        3d9       1%          4
 Iskenderun's Battlesphe  Conj           59%        2d11      1%          5
 Confusing Touch          Hex            15%        N/A       4%          3
 Frozen Ramparts          Ice            30%        1d5       4%          3
 Irradiate                Conj/Tmut      21%        3d20      4%          5
 Fireball                 Conj/Fire      19%        3d9       6%          5
 Summon Ice Beast         Ice/Summ       15%        N/A       16%         4
 Blade Hands              Tmut           11%        N/A       21%         5
 Orb of Destruction       Conj           29%        9d9       21%         7
 Yara's Violent Unravell  Hex/Tmut       9%         3d6       28%         5
 Conjure Ball Lightning   Conj/Air       19%        3x3d6     28%         6
 Summon Mana Viper        Hex/Summ       15%        N/A       38%         5
 Dragon Form              Tmut           11%        N/A       99%         7
 Enfeeble                 Hex            7%         N/A       100%        7
 Monstrous Menagerie      Summ           7%         N/A       100%        7
 Discord                  Hex            7%         N/A       100%        8
 Disjunction              Tloc           10%        N/A       100%        8


Dungeon Overview and Level Annotations

Branches:
Dungeon (13/15)            Temple (1/1) D:4            Lair (3/6) D:8
 Shoals (0/4) Lair:3        Snake (0/4) Lair:3          Orc (1/2) D:12
 Vaults: D:13-14

Altars:
Ashenzari
Cheibriados
Dithmenos
Elyvilon
Fedhas
Gozag
Hepliaklqana
Kikubaaqudgha
Makhleb
Nemelex Xobeh
Okawaru
Qazlal
Ru
Sif Muna
Trog
Uskayaw
Vehumet
Wu Jian
Xom
Yredelemnul
Zin
The Shining One

Shops:
D:1 ?   D:4 !

Annotations:
Lair:3 exclusion: oklob plant


Innate Abilities, Weirdness & Mutations

You are immune to sickness and miasma.
Your stone body is resilient. (AC +9)
You are immune to poison.
You resist negative energy. (rN+)
You are resistant to electric shocks. (rElec)
You are resistant to unholy torment.
You are immune to petrification.
Your large and strong wings let you fly.
You have an increased reservoir of magic. (+10% MP)
You are strong-willed. (Will+)


Message History

The plant is lightly damaged.
A nearby fungus withers and dies.
You thump the plant! You freeze the plant!
The plant is moderately damaged.
You sock the plant! You freeze the plant.
The plant is moderately damaged.
You completely miss the plant.
The plant is moderately damaged.
A nearby plant withers and dies.
Really fly into a travel-excluded area? [Y]es or [N]o only, please.
Really fly into a travel-excluded area?
You hit the fungus.
The fungus begins to die.
You freeze the fungus.
The fungus is lightly damaged.
You hit the fungus. You freeze the fungus.
The fungus is lightly damaged.
You sock the fungus! You freeze the fungus!
The fungus is moderately damaged.
A nearby fungus withers and dies.
The oklob plant spits acid at you. The splash of acid hits you.
The acid corrodes you! The oklob plant spits acid at you.
The splash of acid hits you. The acid corrodes you!
The oklob plant spits acid at you. The splash of acid hits you!
The acid corrodes you!
You hit the oklob plant but do no damage.
The oklob plant spits acid at you. The splash of acid hits you!
The acid corrodes you!
You hit the oklob plant but do no damage.
Your magical contamination has completely faded away.
You hit the oklob plant but do no damage.
The oklob plant spits acid at you. The splash of acid misses you.
The splash of acid hits the fungus!!
The acid corrodes the fungus!
The fungus begins to die.
You hit the oklob plant but do no damage.
The oklob plant spits acid at you. The splash of acid hits you!
The acid corrodes you! The oklob plant spits acid at you.
The splash of acid hits you!!
You die...

##.P.....†..#PP...≈≈≈≈...≈≈≈≈.#P
#...........#.P#..≈≈≈≈≈.≈≈≈
............#PPP...≈≈≈≈.≈≈≈
...#.†......#PP#.#..≈≈≈.≈≈≈
...#...#.+#.#PPPP##..≈≈.≈≈.
...#...>....#PPPPP#........
..PP........##..#P.P##.#PP#
..P.........##P....PPP## ##
.....##.....#P#P@P.P#PP#
....##P.....##PP.PPP##P#
P....#......#####################
#...###..........................
P†...........................[...
....##P..........................
#...##P..........................
.................................
..##.#.#.........................


You could see an oklob plant.

Vanquished Creatures
  The ghost of spaghetti the Martial Artist, a journeyman GnMo of Kikubaaqudgha (Lair:1)
  A boulder beetle (Lair:1)
  3 hydras
  3 skeletal warriors (D:12)
  A lindwurm (Lair:1)
  The ghost of HendSelp the Quickloader, a novice HuHu of Okawaru (D:5)
  3 elephants (Lair:3)
  A manticore (D:11)
  Joseph (D:7)
  3 cane toads
  2 gargoyles
  2 komodo dragons
  3 unseen horrors
  A kobold demonologist (D:11)
  A rime drake (Lair:2)
  7 trolls
  A polar bear (Lair:1)
  A hornet (Lair:1)
  Grinder (D:6)
  3 slime creatures (D:12)
  3 blink frogs (Lair:1)
  5 dream sheep (Lair:3)
  A shadow (D:12)
  11 yaks
  3 spriggans (Lair:1)
  3 wyverns
  2 steam dragons
  2 basilisks
  2 nagas (Lair:3)
  8 water moccasins
  6 orc warriors
  A sky beast (D:6)
  3 centaurs
  An ogre (D:7)
  3 black bears
  5 wolves (Lair:2)
  4 kobold brigands
  2 phantoms (D:12)
  3 gnoll sergeants
  8 bullfrogs
  3 necrophages
  A scorpion (D:5)
  8 wights
  5 troll zombies (D:12)
  4 killer bees (D:11)
  7 howler monkeys (D:8)
  2 hounds (D:5)
  Crazy Yiuf (D:4)
  7 orc priests
  A gnoll shaman (D:9)
  4 iguanas
  10 orc wizards
  5 ogre zombies
  19 gnolls
  18 orc zombies
  11 adders
  A shadow imp (D:6)
  An ufetubus (D:5)
  2 worms
  A dart slug (D:2)
  49 orcs
  7 endoplasms
  3 giant cockroaches
  4 goblins
  4 hobgoblins
  18 kobolds
  3 quokkas
  A ball python (D:4)
  6 bats
  A frilled lizard (D:3)
  A goblin skeleton (D:12)
  2 goblin zombies (D:12)
  A hobgoblin skeleton (D:12)
  2 hobgoblin zombies (D:12)
  2 orc skeletons (D:12)
  5 rats
336 creatures vanquished.

Vanquished Creatures (others)
  10 fungi
  22 plants
  15 toadstools (Lair:3)
47 creatures vanquished.

Grand Total: 383 creatures vanquished

Notes
Turn   | Place    | Note
-------+----------+-------------------------------------------
     0 | D:1      | dracfodder the Gargoyle Earth Elementalist began the quest
                  | for the Orb.
     0 | D:1      | Reached XP level 1. HP: 10/10 MP: 3/3
   573 | D:1      | Found Naxerut's Magic Scroll Boutique.
   591 | D:1      | Reached XP level 2. HP: 15/15 MP: 3/5
   614 | D:1      | Bought 3 scrolls of identify for 60 gold pieces
  1107 | D:2      | Found a bloodstained altar of Trog.
  1180 | D:2      | Reached XP level 3. HP: 19/19 MP: 4/7
  1305 | D:1      | Bought a scroll of identify for 20 gold pieces
  1305 | D:1      | Bought a scroll of magic mapping for 35 gold pieces
  1367 | D:2      | Learned a level 2 spell: Passwall
  1373 | D:2      | Learned a level 3 spell: Stone Arrow
  1878 | D:2      | Reached skill level 3 in Spellcasting
  1878 | D:2      | Reached XP level 4. HP: 20/24 MP: 8/8
  2193 | D:3      | Found a white marble altar of Elyvilon.
  2277 | D:3      | Found a faded altar of an unknown god.
  2375 | D:3      | Learned a level 4 spell: Petrify
  2543 | D:3      | Reached XP level 5. HP: 28/28 MP: 3/10
  3535 | D:4      | Noticed a phantom
  3569 | D:4      | Found a runed translucent door.
  3570 | D:4      | Noticed Crazy Yiuf
  3574 | D:4      | Killed Crazy Yiuf
  3575 | D:4      | Reached skill level 4 in Spellcasting
  3576 | D:4      | Identified the +12 mace "Amu Lau" {freeze, rElec Int-3
                  | Dex+2}
  3712 | D:4      | Found Secanet's Distillery.
  3715 | D:4      | Bought a potion of mutation for 88 gold pieces
  3717 | D:4      | Gained mutation: You are dopey. (Int -2) [potion of
                  | mutation]
  3759 | D:4      | Found a staircase to the Ecumenical Temple.
  3957 | Temple   | Entered the Ecumenical Temple
  4112 | Temple   | Became a worshipper of Sif Muna the Loreminder
  4148 | D:5      | Entered Level 5 of the Dungeon
  4155 | D:5      | Noticed a black bear
  4160 | D:5      | Killed a black bear
  4161 | D:5      | Reached skill level 1 in Conjurations
  4161 | D:5      | Reached XP level 6. HP: 32/32 MP: 12/12
  4187 | D:5      | Found a runed translucent door.
  4190 | D:5      | Noticed HendSelp's ghost (novice HuHu)
  4218 | D:5      | Killed HendSelp's ghost
  4219 | D:5      | Reached skill level 5 in Spellcasting
  4219 | D:5      | Reached skill level 5 in Earth Magic
  4219 | D:5      | Reached XP level 7. HP: 33/37 MP: 1/15
  4350 | D:5      | Lost mutation: You are dopey. (Int -2) [potion of mutation]
  4350 | D:5      | Gained mutation: Your large and strong wings let you fly.
                  | [potion of mutation]
  4350 | D:5      | Gained mutation: You have an increased reservoir of magic.
                  | (+10% MP) [potion of mutation]
  4350 | D:5      | Gained mutation: You are strong-willed. (Will+) [potion of
                  | mutation]
  4576 | D:5      | Reached skill level 6 in Spellcasting
  4939 | D:6      | Reached skill level 1 in Maces & Flails
  4939 | D:6      | Reached XP level 8. HP: 42/42 MP: 17/19
  4965 | D:6      | Reached skill level 1 in Fighting
  5052 | D:6      | Noticed Grinder
  5058 | D:6      | Reached * piety under Sif Muna
  5064 | D:6      | Killed Grinder
  5214 | D:6      | Reached XP level 9. HP: 33/48 MP: 12/21
  5448 | D:6      | Reached skill level 7 in Spellcasting
  5448 | D:6      | Reached skill level 1 in Transmutations
  5678 | D:6      | Identified the +0 ring mail "Feit" {rF+ rC+ Dex-2}
  6584 | D:7      | Noticed Joseph
  6592 | D:7      | Killed Joseph
  6593 | D:7      | Reached skill level 5 in Stealth
  6593 | D:7      | Reached skill level 8 in Spellcasting
  6593 | D:7      | Reached skill level 5 in Conjurations
  7037 | D:8      | Reached ** piety under Sif Muna
  7048 | D:8      | Reached XP level 10. HP: 52/53 MP: 9/24
  7071 | D:8      | Reached skill level 1 in Invocations
  7312 | D:8      | Reached skill level 9 in Spellcasting
  7459 | D:8      | Found a transporter.
  7536 | D:8      | Found an ancient bone altar of Kikubaaqudgha.
  7627 | D:8      | Found a staircase to the Lair.
  7802 | D:8      | Found a transporter.
  8016 | D:8      | Upgraded the game from 0.29-a0-416-g83a48905f1 to
                  | 0.29-a0-474-gdfe5cd140f
  8054 | D:8      | Identified the +2 pair of boots of Tufekhlem {rElec Dex+3}
  8178 | D:9      | Learned a level 4 spell: Iskenderun's Mystic Blast
  8185 | D:9      | Learned a level 6 spell: Starburst
  8391 | D:9      | Reached *** piety under Sif Muna
  8568 | D:9      | Reached skill level 10 in Spellcasting
  9169 | D:10     | Entered Level 10 of the Dungeon
  9281 | D:10     | Noticed an unseen horror
  9284 | D:10     | Killed an unseen horror
  9285 | D:10     | Reached XP level 11. HP: 58/58 MP: 17/27
  9573 | D:11     | Noticed a manticore
 10465 | D:11     | Killed a manticore
 10609 | D:11     | Reached skill level 11 in Spellcasting
 10959 | D:11     | Identified the +2 robe of the Arcadian Slorg {-Cast Dex+2
                  | Stlth+}
 11149 | D:12     | Reached **** piety under Sif Muna
 11605 | D:12     | Found a staircase to the Orcish Mines.
 12014 | D:12     | Noticed a skeletal warrior
 12021 | D:12     | Noticed a skeletal warrior
 12022 | D:12     | Killed a skeletal warrior
 12106 | D:12     | Noticed a skeletal warrior
 12107 | D:12     | Noticed a skeletal warrior
 12119 | D:12     | Killed a skeletal warrior
 12120 | D:12     | Reached skill level 1 in Evocations
 12323 | D:12     | Killed a skeletal warrior
 12541 | D:12     | Reached XP level 12. HP: 52/64 MP: 20/30
 12860 | Orc:1    | Entered Level 1 of the Orcish Mines
 13036 | Lair:1   | Entered Level 1 of the Lair of Beasts
 13036 | Lair:1   | Noticed a boulder beetle
 13081 | Lair:1   | Killed a boulder beetle
 13224 | Lair:1   | Found an ornate altar of the Wu Jian Council.
 13584 | Lair:1   | Reached skill level 12 in Spellcasting
 13780 | Lair:1   | Found a runed translucent door.
 13783 | Lair:1   | Identified the +2 spear "Ucu Zoeh" {freeze, Fly rElec rC-
                  | Str+8}
 13783 | Lair:1   | Noticed spaghetti's ghost (journeyman GnMo)
 14202 | Lair:1   | Killed spaghetti's ghost
 14208 | Lair:1   | Reached skill level 5 in Invocations
 14400 | Lair:2   | Reached ***** piety under Sif Muna
 14409 | Lair:2   | Reached skill level 10 in Earth Magic
 14905 | Lair:2   | Noticed a seven-headed hydra
 14924 | Lair:2   | Received a gift from Sif Muna
 14929 | Lair:2   | Killed a seven-headed hydra
 15225 | Lair:2   | Noticed a five-headed hydra
 15243 | Lair:2   | Killed a five-headed hydra
 15748 | Lair:3   | Noticed a six-headed hydra
 15771 | Lair:3   | Killed a six-headed hydra
 15891 | Lair:3   | Found a staircase to the Snake Pit.
 16061 | Lair:3   | Reached skill level 10 in Conjurations
 16061 | Lair:3   | Reached XP level 13. HP: 68/68 MP: 22/32
 16279 | Lair:3   | Found a staircase to the Shoals.
 16289 | Lair:3   | Found a blossoming altar of Fedhas.
 16297 | Lair:3   | Reached skill level 13 in Spellcasting
 16361 | Lair:3   | Killed from afar by an oklob plant

Illustrated notes

Levels and vault maps discovered:
D:1:      matt_arrival_spirals, layout_basic, serial_shops, shop,
          interstate_on_off
D:2:      layout_rooms, basic_altar, grunt_decor_clamped, grunt_ministairs_8
D:3:      layout_basic, elyvilon_altar_5, dreamdust_ecumenical_altar_grove,
          hangedman_decor_diamond_cutter, mrwooster_statue_mirror,
          hangedman_abyss_or_decor_lesser_grid, kennysheep_generic_room_8
D:4:      layout_loops_ring, minmay_temple_entry_enclosed_plants, serial_shops,
          nicolae_shop_behind_doors, uniq_crazy_yiuf_cottage
D:5:      layout_loops_ring, ebering_ghost_sewer_d
D:6:      layout_loops_ring, uniq_grinder
D:7:      layout_basic, hangedman_abyss_or_decor_stagger, uniq_joseph
D:8:      gammafunk_cloud_chamber, layout_loops_ring,
          nicolae_overflow_crystal_walls, lair_entry_dummy
D:9:      layout_basic
D:10:     layout_loops_corners
D:11:     layout_cave_pools, serial_rivers, chequers_serial_rivers_micro_a,
          chequers_serial_rivers_large_b, chequers_serial_rivers_small_a,
          chequers_serial_rivers_room_b, grunt_decor_arrowhead
D:12:     layout_long_grid, zombieorc2_lemuel
D:13:     layout_irregular_city
Temple:   regret_index_temple_chain_breaker
Lair:1:   layout_gridlike, nicolae_volcano_entry_vermiform,
          ebering_ghost_funeral_grove, basic_altar
Lair:2:   layout_chaotic_city
Lair:3:   layout_chaotic_city, shoals_dummy_entry,
          minmay_snake_entry_guardpost_small, tgw_fedhas
Orc:1:    layout_caves

Skill      XL: |  1  2  3  4  5  6  7  8  9 10 11 12 13 |
---------------+----------------------------------------+-----
Earth Magic    | 4 5 6 7 8 9 10 | 10.3
Spellcasting   | 3 4 5 6 8 10 11 12 13 | 13.0
Conjurations   | 1 2 3 4 5 6 8 10 | 10.1
Dodging        | 2 3 |  3.8
Stealth        | 3 4 5 6 |  6.8
Maces & Flails | 1 3 4 |  4.8
Fighting       | 1 2 3 |  3.3
Transmutations | 1 |  1.6
Invocations    | 2 4 6 |  6.5
Evocations     | 1 |  1.4
Staves         | |  0.7
Throwing       | |  0.1
Translocations | |  0.9

Action                   |  1- 3 |  4- 6 |  7- 9 | 10-12 | 13-15 || total
-------------------------+-------+-------+-------+-------+-------++-------
Melee: Quarterstaff      |    21 |     3 |       |       |       ||    24
       Mace              |       |    17 |   108 |   104 |    10 ||   239
Throw: Boomerang         |       |     3 |       |       |       ||     3
 Cast: Sandblast         |    33 |    22 |    43 |   145 |    17 ||   260
       Stone Arrow       |     5 |    21 |    26 |   208 |     3 ||   263
       Petrify           |       |       |    10 |    12 |       ||    22
       Iskenderun's Myst |       |       |       |     4 |       ||     4
       Starburst         |       |       |       |       |     1 ||     1
Evoke: Wand              |       |       |     5 |    52 |     9 ||    66
  Use: Scroll            |     9 |     3 |     4 |     7 |       ||    23
       Potion            |       |     4 |     1 |     1 |       ||     6
 Stab: Sleeping          |       |       |     4 |     2 |       ||     6
       Petrified         |       |       |    17 |    17 |       ||    34
Armor: Robe              |    10 |    16 |    51 |   119 |    11 ||   207
Dodge: Dodged            |    22 |    14 |    78 |   164 |    12 ||   290

Table legend: (Time is in decaauts)
 A = Elapsed time spent in this place.
 B = Non-inter-level travel time spent in this place.
 C = Inter-level travel time spent in this place.
 D = Time resting spent in this place.
 E = Time spent auto-exploring this place.
 F = Levels seen in this place.
 G = Mean time per level.
                   A        B        C        D        E       F      G
               +--------+--------+--------+--------+--------+-----+--------+
         Total |  16425 |  15808 |    617 |   4019 |   8998 |  18 |  912.5 |
       Dungeon |  12859 |  12349 |    510 |   3019 |   7151 |  13 |  989.2 |
        Temple |    175 |    122 |     53 |      0 |    102 |   1 |  175.0 |
          Lair |   3332 |   3278 |     54 |    962 |   1745 |   3 | 1110.7 |
  Orcish Mines |     57 |     57 |      0 |     38 |      0 |   1 |   57.0 |
               +--------+--------+--------+--------+--------+-----+--------+

Top non-repeatable levels by time:
    D:12: 1672 daAuts
  Lair:2: 1331 daAuts
  Lair:1: 1328 daAuts
    D:10: 1296 daAuts
     D:3: 1294 daAuts
     D:8: 1161 daAuts
     D:6: 1136 daAuts
     D:1: 1109 daAuts
     D:9: 1075 daAuts
     D:2: 977 daAuts
     D:7: 958 daAuts
     D:5: 802 daAuts
    D:11: 772 daAuts
  Lair:3: 672 daAuts
     D:4: 597 daAuts
